AoeStats
← AloneArcher

Arena

509016287Analyzed
1v1 RM · 9d ago on Sep 25, 2026· 53m 39s· 2 players
Game mode
Random Map
Map size
Tiny (2 player)
Population
200
Speed
Normal
Resources
Standard
Victory
Conquest
Starting age
Dark Age
Ending age
Imperial Age
RankedLock teamsTeams togetherTeam positionsShared explorationLock speedFull tech treeHidden civsTurbo modeCheats
Victory
Defeat
🇹🇷 Turks · Türkiye
752
+17
🇻🇳 Aztecs · Vietnam
783
-17
AloneArcher
11:23 Feudal Age
11:58 Horse Collar
12:06 Double-Bit Axe
17:25 Castle Age
16:05 Gold Mining
18:35 Bow Saw
20:59 Man-at-Arms
22:21 Heavy Plow
28:21 Imperial Age
27:20 Wheelbarrow
26:31 Loom
28:14 Gold Shaft Mining
27:34 Stone Mining
31:00 Two-Man Saw
31:35 Heavy Camel Rider
34:54 Scale Barding Armor
34:49 Padded Archer Armor
34:40 Fletching
35:00 Forging
34:51 Scale Mail Armor
35:46 Hand Cart
35:17 Town Watch
36:28 Chain Barding Armor
36:33 Conscription
38:08 Bombard Tower
37:10 Elite Janissary
43:34 Bodkin Arrow
44:15 Plate Barding Armor
49:14 Leather Archer Armor
49:00 Bracer
49:35 Iron Casting
49:16 Chain Mail Armor
ntu1994.tn
9:14 Loom
11:13 Feudal Age
13:03 Wheelbarrow
13:12 Double-Bit Axe
16:42 Castle Age
16:14 Scale Mail Armor
16:24 Forging
16:12 Arson
16:48 Horse Collar
20:53 Gambesons
24:08 Bow Saw
24:05 Heavy Plow
24:22 Eagle Warrior
25:03 Squires
24:58 Town Watch
27:52 Hand Cart
28:48 Pikeman
30:16 Iron Casting
29:58 Chain Mail Armor
31:02 Atlatl
33:45 Imperial Age
34:51 Conscription
34:47 Elite Eagle Warrior
36:28 Gold Mining
39:02 Chemistry
39:51 Crop Rotation
42:55 Plate Mail Armor
43:29 Blast Furnace
45:34 Onager
46:59 Fletching
47:09 Padded Archer Armor
46:50 Elite Skirmisher
50:58 Leather Archer Armor
50:38 Bodkin Arrow
52:17 Bracer
Connection lost

Rejoining the realm…

Still unreachable

The connection could not be restored.

Session expired

The server has moved on; the page needs a fresh start.